 Dungeon Crawl Stone Soup version 0.29-a0-557-g43b9904bd1 (webtiles) character file.

Game seed: 2784990791096726172

107 freelancePsychic the Zephyrmancer (level 4, -7/32 HPs)
             Began as a Tengu Wanderer on June 9, 2022.
             Killed from afar by Ijyb (11 damage)
             ... with an iceblast
             ... on level 3 of the Dungeon.
             The game lasted 00:04:53 (2140 turns).

freelancePsychic the Zephyrmancer (Tengu Wanderer)  Turns: 2140, Time: 00:04:53

Health: -7/32      AC:  5    Str: 13    XL:     4   Next: 86%
Magic:  3/11       EV: 12    Int: 13    God:
Gold:   54         SH:  0    Dex: 14    Spells: 6/11 levels left

rFire   x . .      SeeInvis .   i - +0 short sword (venom)
rCold   + . .      Faith    .   (no shield)
rNeg    . . .      Spirit   .   c - +0 leather armour
rPois   .          Reflect  .   (helmet restricted)
rElec   .          Harm     .   d - +0 cloak
rCorr   .          Rampage  .   k - +0 pair of gloves
Will    .....                   (boots unavailable)
Stlth   +.........              (no amulet)
HPRegen 0.10/turn               m - ring of ice
MPRegen 0.12/turn               (no ring)

@: very slightly contaminated
A: beak, talons 3
a: no special abilities


You were on level 3 of the Dungeon.
You visited 1 branch of the dungeon, and saw 3 of its levels.

You collected 54 gold pieces.

Inventory:

Hand Weapons
 a - a +0 dagger
 i - a +0 short sword of venom (weapon)
Armour
 c - a +0 leather armour (worn)
 d - a +0 cloak (worn)
 k - a +0 pair of gloves (worn)
Jewellery
 l - a +6 ring of strength
 m - a ring of ice (left hand)
Scrolls
 f - 2 scrolls of identify {@r1}
 n - a scroll of immolation
Potions
 b - a potion of berserk rage {unknown}
 e - a potion of mutation {unknown}
 g - a potion of lignification {unknown}
 h - 2 potions of might {unknown}
 j - a potion of experience


   Skills:
 + Level 6.3 Fighting
 - Level 2.1 Dodging
 - Level 4.0 Spellcasting
 - Level 1.5 Translocations
 + Level 8.4 Air Magic
 + Level 6.1 Poison Magic


You had 6 spell levels left.
You knew the following spells:

 Your Spells              Type           Power      Damage    Failure   Level
a - Apportation           Tloc           12%        N/A       14%         1
b - Poisonous Vapours     Pois/Air       42%        N/A       1%          2
c - Static Discharge      Conj/Air       13%        N/A       7%          2

Your spell library contained the following spells:

 Spells                   Type           Power      Damage    Failure   Level
 Blink                    Tloc           12%        N/A       22%         2
 Passage of Golubria      Tloc           6%         N/A       80%         4


Dungeon Overview and Level Annotations

Branches:
Dungeon (3/15)

Altars:

Shops:
D:2 ![

Annotations:
D:3 Ijyb


Innate Abilities, Weirdness & Mutations

You have a beak for a mouth.
You have claws for feet.


Message History

Ijyb zaps a wand.
The mass of ice explodes!
The iceblast engulfs you. You partially resist.
You hear a shout!
Casting: Poisonous Vapours (safe; 16% risk of failure)
Confirm with . or Enter, or press ? or * to list all spells.
Aiming: Poisonous Vapours (safe; 16% risk of failure)
Press: ? - help, Dir - move target, f/p - Ijyb
Aim: Ijyb, wielding a +3 spectral club, wearing a +0 scale mail and carrying a wand of iceblast (12) (poisoned)
You miscast Poisonous Vapours.
You are very lightly contaminated with residual magic.
Nothing appears to happen.
Casting: Poisonous Vapours (safe; 16% risk of failure)
Confirm with . or Enter, or press ? or * to list all spells.
Aiming: Poisonous Vapours (safe; 16% risk of failure)
Press: ? - help, Dir - move target, f/p - Ijyb
Aim: Ijyb, wielding a +3 spectral club, wearing a +0 scale mail and carrying a wand of iceblast (12) (lightly wounded, poisoned)
You miscast Poisonous Vapours.
Nothing appears to happen.
Ijyb zaps a wand.
The mass of ice explodes!
The iceblast engulfs you! You partially resist.
Ouch! That really hurt!
* * * LOW HITPOINT WARNING * * *
Okay, then.
It was a potion of experience.
You feel more experienced!
Your Fighting skill gained 4 levels and is now at level 6!
Your Air Magic skill gained 6 levels and is now at level 8!
Your Poison Magic skill gained 5 levels and is now at level 6!
You have reached level 4!
You feel stronger.
Unknown command.
You aren't carrying any items that you can evoke.
As you read the scroll labelled NUXTYF LAUMP, it crumbles to dust.
The creatures around you are filled with an inner flame!
It was a scroll of immolation.
Flame seeps out of Ijyb.
Ijyb looks more healthy.
Ijyb is engulfed in blazing flames.
Flame seeps out of Ijyb.
Ijyb screams, "Me kill you!"
Ijyb zaps a wand.
The mass of ice explodes!
The iceblast engulfs you! You partially resist.
You die...

..# ..# ..# .# #
..# ..#. .#..#
.....#####.$.#####
...........g......
.....##.##.#
#.....#@## #...##
#..## #..#
#######..#
#........#
#.#####.##
#######.#####.#
..............#


You could see Ijyb (inner flame).

Vanquished Creatures
  An adder (D:3)
  2 dart slugs (D:1)
  2 orcs (D:2)
  3 ball pythons
  5 bats
  4 endoplasms
  A giant cockroach (D:2)
  4 hobgoblins
  A frilled lizard (D:1)
  2 goblins
  7 kobolds (D:1)
  5 rats
37 creatures vanquished.

Vanquished Creatures (others)
  4 plants (D:3)
4 creatures vanquished.

Grand Total: 41 creatures vanquished

Notes
Turn   | Place    | Note
-------+----------+-------------------------------------------
     0 | D:1      | freelancePsychic the Tengu Wanderer began the quest for the
                  | Orb.
     0 | D:1      | freelancePsychic set off with the following items: a +0
                  | dagger, a scroll of teleportation {@r4}, a +0 leather
                  | armour, a +0 cloak; and the following spell memorised:
                  | Apportation; and the following spells available to
                  | memorise: Blink, Poisonous Vapours, Static Discharge,
                  | Passage of Golubria
     0 | D:1      | Reached XP level 1. HP: 12/12 MP: 6/6
    83 | D:1      | Reached XP level 2. HP: 13/16 MP: 8/8
   148 | D:1      | Reached skill level 2 in Air Magic
   273 | D:1      | Learned a level 2 spell: Poisonous Vapours
   276 | D:1      | Learned a level 2 spell: Static Discharge
   369 | D:1      | Reached skill level 1 in Poison Magic
   553 | D:1      | Reached XP level 3. HP: 20/21 MP: 9/9
  1189 | D:2      | Found Ytsuge's Antique Armour Shoppe.
  1321 | D:2      | Found Xoecirghi's Distillery.
  2076 | D:3      | Noticed Ijyb
  2139 | D:3      | Reached skill level 8 in Air Magic
  2139 | D:3      | Reached XP level 4. HP: 4/32 MP: 3/11
  2140 | D:3      | Killed from afar by Ijyb

Illustrated notes

Levels and vault maps discovered:
D:1:      minmay_arrival_glassed_features, layout_basic, nrook_mini_backslash
D:2:      cheibrodos_pilgrimage, layout_rooms, serial_shops,
          nicolae_shop_behind_doors, nicolae_shop_crystal,
          corexii_hall_statues_i
D:3:      layout_loops_ring, hellmonk_ecumenical_altar_defaced_shrine,
          serial_bayou_lagoon_a, uniq_jessica, uniq_ijyb

Skill      XL: |  1  2  3 |
---------------+----------+-----
Air Magic      | 2 8 |  8.4
Poison Magic   | 1 6 |  6.1
Fighting       | 6 |  6.3
Dodging        | |  2.1
Spellcasting   | |  4.0
Translocations | |  1.5

Action                   |  1- 3 |  4- 6 || total
-------------------------+-------+-------++-------
Melee: Dagger            |    63 |       ||    63
       Kick              |    20 |       ||    20
       Peck              |    12 |       ||    12
       Punch             |     2 |       ||     2
       Short sword       |    12 |       ||    12
 Cast: Poisonous Vapours |    21 |       ||    21
  Use: Scroll            |     3 |     1 ||     4
       Potion            |     1 |       ||     1
Armor: Leather armour    |    23 |       ||    23
Dodge: Dodged            |    39 |       ||    39

Table legend: (Time is in decaauts)
 A = Elapsed time spent in this place.
 B = Non-inter-level travel time spent in this place.
 C = Inter-level travel time spent in this place.
 D = Time resting spent in this place.
 E = Time spent auto-exploring this place.
 F = Levels seen in this place.
 G = Mean time per level.
                   A        B        C        D        E       F      G
               +--------+--------+--------+--------+--------+-----+--------+
         Total |   2141 |   2086 |     55 |    239 |   1480 |   3 |  713.7 |
       Dungeon |   2141 |   2086 |     55 |    239 |   1480 |   3 |  713.7 |
               +--------+--------+--------+--------+--------+-----+--------+

Top non-repeatable levels by time:
     D:1: 1091 daAuts
     D:2: 729 daAuts
     D:3: 320 daAuts
